 Dungeon Crawl Stone Soup version 0.22-a0-284-g99d1f74 (webtiles) character file.

39 ohad the Changer (level 3, -1/28 HPs)
             Began as a Draconian Transmuter on Mar 20, 2018.
             Killed from afar by Natasha (6 damage)
             ... with a magic dart
             ... on level 2 of the Dungeon.
             The game lasted 00:02:26 (1257 turns).

ohad the Changer (Draconian Transmuter)             Turns: 1257, Time: 00:02:27

Health: -1/28      AC:  5    Str: 12    XL:     3   Next: 28%
Magic:  6/6        EV: 12    Int: 14    God:
Gold:   32         SH:  0    Dex: 11    Spells: 3/6 levels left

rFire    . . .     SeeInvis .     - Unarmed
rCold    . . .     Gourm    .   (no shield)
rNeg     . . .     Faith    .   (armour unavailable)
rPois    .         Spirit   .   (helmet restricted)
rElec    .         Reflect  .   (no cloak)
rCorr    .         Harm     .   (no gloves)
MR       .....                  (no boots)
Stlth    +.........             (no amulet)
HPRegen  0.09/turn              (no ring)
MPRegen  0.10/turn              (no ring)

@: flying, slowed, very slow
A: unfitting armour, cold-blooded, AC +5
a: no special abilities


You were on level 2 of the Dungeon.
You were hungry.

You visited 1 branch of the dungeon, and saw 2 of its levels.

You collected 32 gold pieces.

Inventory:

Missiles
 a - 24 arrows
Armour
 g - a +0 hat
Scrolls
 d - a scroll of blinking {unknown}
 e - a scroll of fog {unknown}
 h - a scroll of identify {unknown}
 i - a scroll of enchant weapon {unknown}
Comestibles
 b - 4 chunks of flesh
 c - 3 rations


   Skills:
 - Level 1.1 Fighting
 - Level 1.7 Dodging
 - Level 3.0 Unarmed Combat
 - Level 2.0 Spellcasting
 + Level 3.8 Transmutations


You had 3 spell levels left.
You knew the following spells:

 Your Spells              Type           Power        Failure   Level  Hunger
a - Beastly Appendage     Tmut           ##....       4%          1    ##.....
b - Sticks to Snakes      Tmut           ##......     8%          2    ###....


Dungeon Overview and Level Annotations

Branches:
Dungeon (2/15)

Altars:

Annotations:
D:2 Natasha


Innate Abilities, Weirdness & Mutations

Your plain brown scales are hard. (AC +5)
You cannot fit into any form of body armour.
You are cold-blooded and may be slowed by cold attacks.


Message History

Natasha is heavily wounded.
The crimson imp hits you.
* * * LOW HITPOINT WARNING * * *
Natasha stares at you and mumbles some strange words.
You feel yourself slow down.
You miss Natasha.
Natasha is heavily wounded.
The crimson imp blinks!
The white imp spits at you. Natasha claws you but does no damage.
You closely miss Natasha.
You tail-slap Natasha, but do no damage.
Natasha is heavily wounded.
Natasha claws you but does no damage.
It was a potion of flight.
You feel very buoyant.
You fly up into the air.
Natasha stares at you and mumbles some strange words.
The magic dart hits you!
You die...

#### #...## #.....#
###..[..h. #5.....r..
#l#....... #h##.....#
#@# ...... #.# .#.###+##
#># #. ##...## ####5#
###.....## #....##
##.......##
##.#...####.........##
##.........+.........'.
##...#...####.........##
##.#..##.## ##.......##


You could see Natasha, a crimson imp, a white imp and a frilled lizard.

Vanquished Creatures
  A howler monkey skeleton (D:2)
  A dart slug (D:1)
  2 leopard geckos
  4 bats (D:1)
  2 giant cockroaches (D:1)
  A goblin (D:1)
  7 hobgoblins
  2 jackals (D:2)
  2 kobolds
  2 rats
24 creatures vanquished.

Notes
Turn   | Place    | Note
-------+----------+-------------------------------------------
     0 | D:1      | ohad the Draconian Transmuter began the quest for the Orb.
     0 | D:1      | Reached XP level 1. HP: 16/16 MP: 3/3
   208 | D:1      | Reached XP level 2. HP: 19/23 MP: 5/5
  1143 | D:2      | Learned a level 2 spell: Sticks to Snakes
  1189 | D:2      | Reached XP level 3. HP: 26/28 MP: 6/6
  1234 | D:2      | Noticed Natasha
  1257 | D:2      | Killed from afar by Natasha

Vault maps used:
D:1:      dpeg_arrival_boxes_within_box
D:2:      okawaru_metal_pillars_1_2, uniq_natasha

Skill      XL: |  1  2 |
---------------+-------+-----
Transmutations | 3 |  3.8
Fighting       | |  1.1
Dodging        | |  1.7
Unarmed Combat | |  3.0
Spellcasting   | |  2.0

Action                   || total
-------------------------++-------
Melee: Unarmed           ||   113
       Headbutt          ||     9
       Tailslap          ||    11
       Punch             ||     4
       Kick              ||     2
 Cast: Beastly Appendage ||    15
  Use: Potion            ||     1
  Eat: Chunk             ||     1
Armor: Skin              ||    36
Dodge: Dodged            ||    68

Table legend:
 A = Spawn XP
 B = Non-spawn XP
 C = Spawn XP percentage of total XP
 D = Spawn monster count
 E = Non-spawn monster count
 F = Spawn count percentage of total count
 G = Total turns spent on level
                    A         B        C        D         E        F      G
               +---------+---------+-------+---------+---------+-------+---------
         Total |       0 |      57 |   0.0 |       0 |      24 |   0.0 |  1257
               +---------+---------+-------+---------+---------+-------+---------
           D:1 |       0 |      32 |   0.0 |       0 |      17 |   0.0 |  1107
           D:2 |       0 |      25 |   0.0 |       0 |       7 |   0.0 |   150
               +---------+---------+-------+---------+---------+-------+---------
